 Dungeon Crawl Stone Soup version 0.23.2-33-g5129a83184 (webtiles) character file.

Game seed: 16971800138219207780

5977 doot the Thaumaturge (level 10, -2/54 HPs)
             Began as a Deep Elf Wizard on July 23, 2019.
             Was a Priest of Kikubaaqudgha.
             Killed from afar by a wizard (38 damage)
             ... with a fireball
             ... on level 9 of the Dungeon.
             The game lasted 00:27:41 (9064 turns).

doot the Thaumaturge (Deep Elf Wizard)              Turns: 9064, Time: 00:27:42

Health: -2/54      AC:  5    Str:  2    XL:     10   Next: 55%
Magic:  23/37      EV: 15    Int: 35    God:    Kikubaaqudgha [***...]
Gold:   450        SH:  0    Dex: 17    Spells: 8/34 levels left

rFire    . . .     SeeInvis .   u - +6 war axe of Dishonesty {venom, MP+9 Str-2 Int+8 Dex+4}
rCold    . . .     Gourm    .   (no shield)
rNeg     . . .     Faith    .   w - +0 robe {Archmagi}
rPois    .         Spirit   .   i - +2 helmet
rElec    .         Reflect  .   B - scarf {cloud immunity}
rCorr    +         Harm     .   (no gloves)
MR       +....                  (no boots)
Stlth    +++.......             f - amulet of the acrobat
HPRegen  0.18/turn              m - ring of resist corrosion
MPRegen  0.25/turn              z - ring of flight

@: no status effects
A: no striking features
a: Receive Corpses, Renounce Religion, Evoke Flight


You were on level 9 of the Dungeon.
You worshipped Kikubaaqudgha.
Kikubaaqudgha was most pleased with you.
You were not hungry.

You visited 2 branches of the dungeon, and saw 10 of its levels.

You collected 450 gold pieces.

Inventory:

Hand Weapons
 c - a +1 spear
 g - a +3 quarterstaff of chaos
 l - a +0 whip
 u - the +6 war axe of Dishonesty (weapon) {venom, MP+9 Str-2 Int+8 Dex+4}
   (You found it on level 4 of the Dungeon)

   It poisons the flesh of those it strikes.
   It affects your strength (-2).
   It affects your intelligence (+8).
   It affects your dexterity (+4).
   It affects your magic capacity (+9).
Armour
 a - a +0 robe
 b - a +0 hat
 i - a +2 helmet (worn)
 j - a +0 cloak
 p - a +2 cloak
 w - a +0 robe of the Archmagi (worn)
 B - a scarf of cloud immunity (worn)
Jewellery
 f - an amulet of the acrobat (around neck)
 m - a ring of resist corrosion (left hand)
 y - an uncursed ring of fire
 z - a ring of flight (right hand)
 C - an uncursed amulet of rage
Wands
 v - a wand of enslavement (13)
 A - a wand of random effects (30)
 H - a wand of acid (12)
 J - a wand of flame (15)
Scrolls
 k - a scroll of enchant armour {unknown}
 n - a scroll of immolation {unknown}
 o - a scroll of random uselessness {unknown}
 s - 2 scrolls of teleportation
 x - a scroll of blinking {unknown}
 E - a scroll of remove curse
 F - a scroll of fear {unknown}
 G - a scroll of magic mapping {unknown}
 I - a scroll of brand weapon {unknown}
 K - a scroll of identify
Potions
 e - 4 potions of heal wounds
 h - a potion of brilliance
 q - a potion of berserk rage
 r - 2 potions of invisibility
 t - 2 potions of cancellation
 D - 2 potions of ambrosia
 L - a potion of curing
Comestibles
 d - 9 rations


   Skills:
 + Level 2.5 Fighting
 + Level 5.0 Axes
 + Level 1.2 Staves
 + Level 4.8 Dodging
 + Level 5.8 Stealth
 + Level 12.8 Spellcasting
 + Level 7.0 Conjurations
   Level 1.1 Summonings
 * Level 4.3 Necromancy
 + Level 3.3 Translocations
 + Level 1.8 Fire Magic
 + Level 1.7 Air Magic
 + Level 2.5 Poison Magic


You had 8 spell levels left.
You knew the following spells:

 Your Spells              Type           Power        Failure   Level  Hunger
a - Magic Dart            Conj           ####         1%          1    None
b - Blink                 Tloc           N/A          1%          2    None
c - Conjure Flame         Conj/Fire      ######..     1%          3    None
d - Mephitic Cloud        Conj/Pois/Air  ######..     1%          3    None
e - Vampiric Draining     Necr           ######....   1%          3    None
f - Animate Skeleton      Necr           N/A          1%          1    None
g - Dispel Undead         Necr           ######..     9%          5    None
h - Sublimation of Blood  Necr           ######....   1%          2    None
i - Death Channel         Necr           ######....   43%         6    ###....

Your spell library contained the following spells:

 Spells                   Type           Power        Failure   Level  Hunger
 Apportation              Tloc           ######       1%          1    None
 Confusing Touch          Hex            ####..       1%          1    None
 Pain                     Necr           ####         1%          1    None
 Summon Small Mammal      Summ           ####         1%          1    None
 Call Imp                 Summ           #####...     1%          2    None
 Slow                     Hex            ####....     2%          2    None
 Borgnjor's Vile Clutch   Necr/Erth      ######....   22%         5    None
 Excruciating Wounds      Chrm/Necr      ######....   22%         5    None
 Simulacrum               Ice/Necr       ######....   75%         6    ###....


Dungeon Overview and Level Annotations

Branches:
Dungeon (9/15)             Temple (1/1) D:4
   Lair: D:8-11         Orc: D:9-12

Altars:
Ashenzari
Cheibriados
Dithmenos
Elyvilon
Fedhas
Gozag
Hepliaklqana
Kikubaaqudgha
Makhleb
Nemelex Xobeh
Okawaru
Qazlal
Ru
Sif Muna
Trog
Uskayaw
Vehumet
Wu Jian
Xom
Yredelemnul
Zin
The Shining One

Shops:
D:5 }


Message History

The ogre is almost dead.
You feel life coursing into your body. The ogre closely misses you.
Casting: Vampiric Draining (safe; 1% risk of failure)
Confirm with . or Enter, or press ? or * to list all spells.
Aiming: Vampiric Draining (safe; 1% risk of failure)
Press: ? - help, Shift-Dir - straight line, f/p - ogre
Aim: an ogre, wielding a +0 giant spiked club (almost dead, poisoned)
You feel a surge of power!
You kill the ogre!
Kikubaaqudgha accepts your kill.
Your Conjurations skill increases to level 7!
You feel life coursing into your body.
A hound comes into view.
A cyclops comes into view.
Unknown command.
You open the door. The wizard casts a spell at you.
The fireball explodes!
The fireball engulfs you!!!
Ouch! That really hurt!
You die...
Kikubaaqudgha rasps: "You have failed me!
Welcome... death!"

#........ #........
#####........ #####
###............ .........
........####### ..........
........#
.........########...#
.........'......#...#
.........#@.....#...##
.........#......#....#
.........##)#####....# ##
.....................# #.
.....................#####.
..#####)#####hp............
#....# #..............
#..#...# #..C......#####
#...#...K##.........#


You could see a cyclops, a wizard and a hound (wandering).

Vanquished Creatures
  An orc sorcerer (D:9)
  Maurice (D:8)
  Psyche (D:8)
  A queen bee (D:8)
  Grinder (D:6)
  2 hippogriffs
  Sigmund (D:5)
  A wyvern (D:8)
  Grum (D:8)
  Edmund (D:5)
  A water moccasin (D:8)
  2 orc warriors
  An ice beast (D:4)
  2 sky beasts
  A black bear (D:9)
  A phantom (D:8)
  5 ogres
  2 necrophages
  An eye of draining (D:8)
  4 wolves (D:8)
  A bullfrog (D:7)
  13 killer bees (D:8)
  3 scorpions
  A howler monkey (D:9)
  2 crimson imps
  A quasit (D:6)
  Crazy Yiuf (D:3)
  4 orc wizards
  3 orc priests
  6 hounds
  3 jellies
  2 bullfrog skeletons
  An iguana (D:4)
  3 worker ants
  A hound skeleton (D:4)
  3 worker ant zombies
  8 gnolls
  A howler monkey skeleton (D:4)
  10 adders
  2 shadow imps
  3 oozes
  An adder skeleton (D:5)
  A worm (D:3)
  4 dart slugs
  2 leopard geckos
  18 orcs
  3 bats
  4 giant cockroaches
  10 goblins
  6 hobgoblins
  5 jackals
  4 quokkas
  4 frilled lizards
  A jackal skeleton (D:5)
  4 kobolds
  9 rats
179 creatures vanquished.

Vanquished Creatures (collateral kills)
  A bullfrog (D:7)
  A scorpion (D:7)
  2 killer bees (D:8)
  A centaur zombie (D:6)
  An orc wizard (D:8)
  An orc (D:7)
  2 jackals (D:5)
  A leopard gecko skeleton (D:5)
10 creatures vanquished.

Grand Total: 189 creatures vanquished

Notes
Turn   | Place    | Note
-------+----------+-------------------------------------------
     0 | D:1      | doot the Deep Elf Wizard began the quest for the Orb.
     0 | D:1      | Reached XP level 1. HP: 10/10 MP: 7/7
   103 | D:1      | Reached XP level 2. HP: 10/15 MP: 2/9
   164 | D:1      | Learned a level 2 spell: Blink
   175 | D:1      | Reached skill level 5 in Spellcasting
   780 | D:1      | Reached XP level 3. HP: 19/19 MP: 8/11
   846 | D:2      | Learned a level 3 spell: Conjure Flame
   850 | D:2      | Learned a level 3 spell: Mephitic Cloud
  1064 | D:3      | Found a basalt altar of Yredelemnul.
  1628 | D:3      | Reached XP level 4. HP: 24/24 MP: 6/13
  2040 | D:4      | Reached skill level 6 in Spellcasting
  2258 | D:4      | Noticed an ogre
  2548 | D:4      | Reached XP level 5. HP: 18/28 MP: 3/16
  2713 | D:4      | Found a staircase to the Ecumenical Temple.
  2722 | Temple   | Entered the Ecumenical Temple
  2946 | Temple   | Became a worshipper of Kikubaaqudgha
  3602 | D:3      | Found a runed translucent door.
  3603 | D:3      | Noticed Crazy Yiuf
  3708 | D:3      | Killed Crazy Yiuf
  4079 | D:4      | Reached XP level 6. HP: 25/32 MP: 8/17
  4087 | D:4      | Reached skill level 1 in Staves
  4087 | D:4      | Reached skill level 7 in Spellcasting
  4246 | D:4      | Got a scorched war axe
  4247 | D:4      | Identified the +6 war axe of Dishonesty {venom, MP+9 Str-2
                  | Int+8 Dex+4} (You found it on level 4 of the Dungeon)
  4587 | D:4      | Reached skill level 8 in Spellcasting
  4587 | D:4      | Reached XP level 7. HP: 31/36 MP: 20/20
  4730 | D:4      | Found a glowing silver altar of Zin.
  4730 | D:4      | Noticed an angel
  4765 | D:5      | Entered Level 5 of the Dungeon
  4822 | D:4      | Reached * piety under Kikubaaqudgha
  4822 | D:4      | Identified Kikubaaqudgha's Incunabulum of Dark Secrets
                  | (Kikubaaqudgha gifted it to you on level 4 of the Dungeon)
  4822 | D:4      | Received a gift from Kikubaaqudgha
  4918 | D:4      | Learned a level 3 spell: Vampiric Draining
  4920 | D:4      | Learned a level 1 spell: Animate Skeleton
  4977 | D:5      | Found Suengo Buer's Gadget Emporium.
  5047 | D:5      | Found a burning altar of Makhleb.
  5123 | D:5      | Reached skill level 1 in Axes
  5174 | D:5      | Noticed Sigmund
  5182 | D:5      | Noticed Edmund
  5183 | D:5      | Killed Sigmund
  5183 | D:5      | Reached skill level 9 in Spellcasting
  5183 | D:5      | Reached XP level 8. HP: 42/42 MP: 22/23
  5196 | D:5      | Killed Edmund
  5461 | D:5      | Reached skill level 1 in Fighting
  6226 | D:6      | Reached skill level 10 in Spellcasting
  6235 | D:6      | Reached skill level 1 in Fire Magic
  6478 | D:6      | Reached skill level 1 in Necromancy
  6516 | D:6      | Reached ** piety under Kikubaaqudgha
  6583 | D:6      | Noticed Grinder
  6594 | D:6      | Paralysed by Grinder for 4 turns
  6603 | D:6      | Paralysed by Grinder for 7 turns
  6613 | D:6      | Killed Grinder
  6613 | D:6      | Reached skill level 5 in Stealth
  6613 | D:6      | Reached skill level 5 in Conjurations
  6779 | D:6      | Reached XP level 9. HP: 39/48 MP: 25/25
  7426 | D:8      | Found an opulent altar of Gozag.
  7463 | D:8      | Noticed Psyche
  7576 | D:8      | Noticed Grum
  7580 | D:8      | Killed Psyche
  7580 | D:8      | Reached skill level 11 in Spellcasting
  7901 | D:8      | Reached skill level 12 in Spellcasting
  7901 | D:8      | Reached skill level 1 in Air Magic
  7936 | D:8      | Reached skill level 1 in Poison Magic
  8043 | D:8      | Reached *** piety under Kikubaaqudgha
  8043 | D:8      | Identified Kikubaaqudgha's Volume of Necromancy
                  | (Kikubaaqudgha gifted it to you on level 8 of the Dungeon)
  8043 | D:8      | Received a gift from Kikubaaqudgha
  8051 | D:8      | Learned a level 5 spell: Dispel Undead
  8113 | D:8      | Noticed Maurice
  8152 | D:8      | Reached XP level 10. HP: 50/53 MP: 20/28
  8186 | D:8      | Killed Maurice
  8199 | D:8      | Learned a level 2 spell: Sublimation of Blood
  8589 | D:8      | Learned a level 6 spell: Death Channel
  8618 | D:8      | Killed Grum
  9000 | D:9      | Found a stormy altar of Qazlal.
  9037 | D:9      | Noticed an orc sorcerer
  9037 | D:9      | Noticed an orc sorcerer
  9039 | D:9      | Noticed a rust devil
  9049 | D:9      | Killed an orc sorcerer
  9049 | D:9      | Reached skill level 5 in Axes
  9060 | D:9      | Noticed a wizard
  9062 | D:9      | Noticed a cyclops
  9064 | D:9      | Killed from afar by a wizard

Skill      XL: |  1  2  3  4  5  6  7  8  9 10 |
---------------+-------------------------------+-----
Spellcasting   | 5 6 8 9 10 12 | 12.8
Stealth        | 3 4 5 |  5.8
Dodging        | 3 4 |  4.8
Conjurations   | 2 3 4 5 6 7 |  7.0
Staves         | 1 |  1.2
Translocations | 2 3 |  3.3
Axes           | 1 3 4 5 |  5.0
Fighting       | 1 2 |  2.5
Fire Magic     | 1 |  1.8
Necromancy     | 1 2 4 |  4.3
Air Magic      | 1 |  1.7
Poison Magic   | 1 2 |  2.5
Summonings     | |  1.1

Action                   |  1- 3 |  4- 6 |  7- 9 | 10-12 || total
-------------------------+-------+-------+-------+-------++-------
Melee: Spear             |     4 |     6 |       |       ||    10
       Unarmed           |     2 |       |       |       ||     2
       Quarterstaff      |       |     3 |       |       ||     3
       War axe           |       |     5 |    96 |    25 ||   126
 Cast: Magic Dart        |    87 |   110 |   190 |    49 ||   436
       Blink             |     3 |     7 |    11 |     4 ||    25
       Conjure Flame     |     2 |    11 |    26 |     5 ||    44
       Mephitic Cloud    |     1 |     5 |    14 |     6 ||    26
       Animate Skeleton  |       |       |    19 |     1 ||    20
       Vampiric Draining |       |       |     8 |     4 ||    12
       Dispel Undead     |       |       |     1 |       ||     1
       Sublimation of Bl |       |       |       |     1 ||     1
  Use: Scroll            |       |     4 |     8 |       ||    12
       Potion            |       |       |       |     1 ||     1
 Stab: Confused          |       |       |     4 |     6 ||    10
       Sleeping          |       |       |     1 |       ||     1
  Eat: Chunk             |     2 |     8 |     9 |     3 ||    22
       Ration            |       |       |     1 |       ||     1
Armor: Robe              |     5 |     7 |    21 |     4 ||    37
Dodge: Dodged            |    20 |    27 |   123 |    27 ||   197
